3AAA
MONONGAHELA MONSTERS @ MILTON DOGFISH HEAD
07/28/2041
 
TOP OF THE 1ST
Monongahela Monsters batting - Pitching for Milton Dogfish Head : RHP António López
Pitching: RHP António López
Batting: LHB Naganori Inoue 0-0: SOLO HOME RUN (Line Drive, 89XD, EV 105.0 MPH), Distance : 425 ft
Batting: RHB Roger Snodgrass 0-0: Called Strike
0-1: Fly out, F8 (Flyball, 8RD, EV 95.6 MPH)
Batting: LHB Rafael Abasto 0-0: Swinging Strike
0-1: Ball
1-1: Swinging Strike
1-2: Fly out, F3 (Popup, 23F, EV 80.6 MPH)
Batting: LHB Max Sinclair 0-0: Foul Ball, location: 2F
0-1: Swinging Strike
0-2: Foul Ball, location: 2F
0-2: Ball
1-2: Ground out 4-3 (Groundball, 4M, EV 91.9 MPH)
Top of the 1st over - 1 run, 1 hit, 0 errors, 0 left on base; Monongahela 1 - Milton 0
BOTTOM OF THE 1ST
Milton Dogfish Head batting - Pitching for Monongahela Monsters : RHP Gabriel Durango
Pitching: RHP Gabriel Durango
Batting: RHB Anthony Hollis 0-0: Ball
1-0: Called Strike
1-1: Called Strike
1-2: Foul Ball, location: 2F
1-2: Ball
2-2: Fly out, F8 (Flyball, 8LD, EV 80.6 MPH)
Batting: RHB Cédric Causse 0-0: Called Strike
0-1: Fly out, F4 (Popup, 3D, EV 65.0 MPH)
Batting: RHB William Penn 0-0: Ball
1-0: Foul Ball, location: 2F
1-1: Called Strike
1-2: Foul Ball, location: 2F
1-2: SINGLE (Line Drive, 4MD, EV 98.8 MPH)
Batting: RHB Colton Pennington 0-0: Ball
1-0: Ball
2-0: Foul Ball, location: 2F
2-1: Foul Ball, location: 2F
2-2: Ground out 5-3 (Groundball, 56S, EV 85.0 MPH)
Bottom of the 1st over - 0 runs, 1 hit, 0 errors, 1 left on base; Monongahela 1 - Milton 0
TOP OF THE 2ND
Monongahela Monsters batting - Pitching for Milton Dogfish Head : RHP António López
Batting: SHB Roger Dorn 0-0: Called Strike
0-1: Reached on error, E3 (Groundball, 3L, EV 75.6 MPH)
Batting: RHB Li-ren Ku 0-0: Ball
1-0: Called Strike
1-1: Foul Ball, location: 2F
1-2: Fly out, F8 (Line Drive, 8RM, EV 103.1 MPH)
Batting: RHB Román García 0-0: Ball
1-0: Called Strike
1-1: Ball
Roger Dorn steals 2nd base
2-1: Foul Ball, location: 2F
2-2: Foul Ball, location: 2F
2-2: Ball
3-2: Base on Balls
Batting: LHB George Runnalls 0-0: Called Strike
0-1: Ball
1-1: SINGLE (Line Drive, 6M, EV 104.4 MPH)
Roger Dorn to third
Román García to second
Batting: LHB Abraham Ruenuitz 0-0: Called Strike
0-1: Fly out, F8 (Flyball, 8LM, EV 90.0 MPH)
Runner from 3rd tags up, SCORES, no throw by CF
Batting: LHB Naganori Inoue 0-0: Fly out, F8 (Line Drive, 8RD, EV 91.2 MPH)
Top of the 2nd over - 1 run, 1 hit, 1 error, 2 left on base; Monongahela 2 - Milton 0
BOTTOM OF THE 2ND
Milton Dogfish Head batting - Pitching for Monongahela Monsters : RHP Gabriel Durango
Batting: RHB Virgil Guldenmond 0-0: Fly out, F9 (Flyball, 9, EV 80.0 MPH)
Batting: RHB Bobby Norris 0-0: Ball
1-0: Ground out 4-3 (Groundball, 34, EV 92.5 MPH)
Batting: RHB Rafael Riquelme 0-0: Called Strike
0-1: Ball
1-1: Ball
2-1: Ball
3-1: Base on Balls
Batting: LHB John Mayer 0-0: Ball
1-0: Swinging Strike
1-1: Called Strike
1-2: Ball
2-2: Ball
3-2: Fly out, F9 (Flyball, 9, EV 83.1 MPH)
Bottom of the 2nd over - 0 runs, 0 hits, 0 errors, 1 left on base; Monongahela 2 - Milton 0
TOP OF THE 3RD
Monongahela Monsters batting - Pitching for Milton Dogfish Head : RHP António López
Batting: RHB Roger Snodgrass 0-0: Called Strike
0-1: Ball
1-1: Called Strike
1-2: Ball
2-2: Fly out, F7 (Flyball, 7S, EV 81.9 MPH)
Batting: LHB Rafael Abasto 0-0: Foul Ball, location: 2F
0-1: Swinging Strike
0-2: Ball
1-2: Strikes out swinging
Batting: LHB Max Sinclair 0-0: Ball
1-0: Ball
2-0: Called Strike
2-1: Fly out, F9 (Line Drive, 9D, EV 85.6 MPH)
Top of the 3rd over - 0 runs, 0 hits, 0 errors, 0 left on base; Monongahela 2 - Milton 0
BOTTOM OF THE 3RD
Milton Dogfish Head batting - Pitching for Monongahela Monsters : RHP Gabriel Durango
Batting: RHB Tae-wan Park 0-0: Called Strike
0-1: Ball
1-1: Called Strike
1-2: Foul Ball, location: 2F
1-2: Foul Ball, location: 2F
1-2: Foul Ball, location: 2F
1-2: Foul Ball, location: 2F
1-2: Ball
2-2: Ground out 5-3 (Groundball, 56, EV 97.5 MPH)
Batting: RHB Anthony Hollis 0-0: Ball
1-0: Fly out, F9 (Flyball, 9LS, EV 78.8 MPH)
Batting: RHB Cédric Causse 0-0: Ball
1-0: Ball
2-0: Foul Ball, location: 2F
2-1: Foul Ball, location: 2F
2-2: Fly out, F9 (Line Drive, 9, EV 104.4 MPH)
Bottom of the 3rd over - 0 runs, 0 hits, 0 errors, 0 left on base; Monongahela 2 - Milton 0
TOP OF THE 4TH
Monongahela Monsters batting - Pitching for Milton Dogfish Head : RHP António López
Batting: SHB Roger Dorn 0-0: Ball
1-0: Foul Ball, location: 2F
1-1: Ground out 6-3 (Groundball, 6, EV 85.0 MPH)
Batting: RHB Li-ren Ku 0-0: Ball
1-0: SOLO HOME RUN (Flyball, 7D, EV 91.9 MPH), Distance : 384 ft
Batting: RHB Román García 0-0: Called Strike
0-1: Foul Ball, location: 2F
0-2: Foul Ball, location: 2F
0-2: Fly out, F8 (Flyball, 8LD, EV 98.1 MPH)
Batting: LHB George Runnalls 0-0: Ball
1-0: Foul Ball, location: 2F
1-1: Ground out 4-3 (Groundball, 4M, EV 90.0 MPH)
Top of the 4th over - 1 run, 1 hit, 0 errors, 0 left on base; Monongahela 3 - Milton 0
BOTTOM OF THE 4TH
Milton Dogfish Head batting - Pitching for Monongahela Monsters : RHP Gabriel Durango
Batting: RHB William Penn 0-0: Fly out, F8 (Flyball, 8RS, EV 85.0 MPH)
Batting: RHB Colton Pennington 0-0: Called Strike
0-1: Foul Ball, location: 2F
0-2: Foul Ball, location: 2F
0-2: Foul Ball, location: 2F
0-2: Foul Ball, location: 2F
0-2: Foul Ball, location: 2F
0-2: DOUBLE (Line Drive, 89D, EV 99.4 MPH)
Batting: RHB Virgil Guldenmond 0-0: Called Strike
0-1: Ball
1-1: Ground out 6-3 (Groundball, 6, EV 90.0 MPH)
Batting: RHB Bobby Norris 0-0: Called Strike
0-1: Ball
1-1: Swinging Strike
1-2: Strikes out swinging
Bottom of the 4th over - 0 runs, 1 hit, 0 errors, 1 left on base; Monongahela 3 - Milton 0
TOP OF THE 5TH
Monongahela Monsters batting - Pitching for Milton Dogfish Head : RHP António López
Batting: LHB Abraham Ruenuitz 0-0: SINGLE (Groundball, 34D, EV 100.0 MPH)
Batting: LHB Naganori Inoue 0-0: Bunted foul
0-1: Sac Bunt to 15 - play at first, batter OUT! 1-4
Abraham Ruenuitz to second
Batting: RHB Roger Snodgrass 0-0: Ball
1-0: Foul Ball, location: 2F
1-1: Ball
2-1: Called Strike
2-2: Foul Ball, location: 2F
2-2: Ball
3-2: Strikes out swinging
Batting: LHB Rafael Abasto 0-0: 2-RUN HOME RUN (Flyball, 9LD, EV 106.2 MPH), Distance : 338 ft
Batting: LHB Max Sinclair 0-0: Swinging Strike
0-1: Called Strike
0-2: Ball
1-2: Ball
2-2: Ball
3-2: SINGLE (Flyball, 7S, EV 84.4 MPH)
Pitching: RHP Dave Haynes
Batting: SHB Roger Dorn 0-0: Ball
1-0: Foul Ball, location: 2F
1-1: Fly out, F6 (Line Drive, 6, EV 68.1 MPH)
Top of the 5th over - 2 runs, 3 hits, 0 errors, 1 left on base; Monongahela 5 - Milton 0
BOTTOM OF THE 5TH
Milton Dogfish Head batting - Pitching for Monongahela Monsters : RHP Gabriel Durango
Batting: RHB Rafael Riquelme 0-0: Ball
1-0: Ball
2-0: Ball
3-0: Base on Balls
Batting: LHB John Mayer 0-0: DOUBLE (Line Drive, 89M, EV 100.6 MPH)
Rafael Riquelme to third
Batting: RHB Tae-wan Park 0-0: Ball
1-0: Ball
2-0: Called Strike
2-1: Fly out, F7 (Flyball, 78D, EV 90.6 MPH)
Runner from 3rd tags up, SCORES, throw by LF
John Mayer to third
Batting: RHB Anthony Hollis 0-0: DOUBLE (Flyball, 8RD, EV 97.5 MPH)
John Mayer scores
Batting: RHB Cédric Causse 0-0: Called Strike
0-1: Ball
1-1: Ball
2-1: Ball
3-1: Ground out 5-3 (Groundball, 56, EV 83.1 MPH)
Batting: RHB William Penn 0-0: Called Strike
0-1: Ball
Wild Pitch!
Anthony Hollis to third
1-1: Foul Ball, location: 2F
1-2: Foul Ball, location: 2F
1-2: Strikes out swinging
Bottom of the 5th over - 2 runs, 2 hits, 0 errors, 1 left on base; Monongahela 5 - Milton 2
TOP OF THE 6TH
Monongahela Monsters batting - Pitching for Milton Dogfish Head : RHP Dave Haynes
Batting: RHB Li-ren Ku 0-0: Ball
1-0: Ball
2-0: Ground out 6-3 (Groundball, 6, EV 80.6 MPH)
Batting: RHB Román García 0-0: Called Strike
0-1: Ball
1-1: Ball
2-1: Foul Ball, location: 2F
2-2: Fly out, F6 (Line Drive, 6, EV 71.2 MPH)
Batting: LHB George Runnalls 0-0: SINGLE (Groundball, 4D, EV 93.8 MPH)
Batting: LHB Abraham Ruenuitz 0-0: Ball
George Runnalls steals 2nd base
1-0: Foul Ball, location: 2F
1-1: Swinging Strike
1-2: Ball
2-2: Foul Ball, location: 2F
2-2: Reached on error, E3 (Groundball, 34, EV 82.5 MPH)
George Runnalls scores
Batting: LHB Naganori Inoue 0-0: Called Strike
0-1: Foul Ball, location: 2F
0-2: Ground out 5-3 (Groundball, 56, EV 106.2 MPH)
Top of the 6th over - 1 run, 1 hit, 1 error, 1 left on base; Monongahela 6 - Milton 2
BOTTOM OF THE 6TH
Milton Dogfish Head batting - Pitching for Monongahela Monsters : RHP Gabriel Durango
Batting: RHB Colton Pennington 0-0: Ball
1-0: Hit by Pitch
Batting: RHB Virgil Guldenmond 0-0: Ball
1-0: Foul Ball, location: 2F
1-1: SINGLE (Line Drive, 89M, EV 87.5 MPH)
Colton Pennington to second
Runner from 2nd tries for 3rd, SAFE, no throw by CF
Batting: RHB Bobby Norris 0-0: Ball
1-0: Swinging Strike
1-1: Foul Ball, location: 2F
1-2: Ball
Wild Pitch!
Colton Pennington scores
Virgil Guldenmond to second
2-2: Ground out 1-3 (Groundball, 13S, EV 71.9 MPH)
Virgil Guldenmond to third
Pitching: RHP Wesley Mason
Batting: RHB Rafael Riquelme 0-0: Ball
1-0: Called Strike
1-1: Foul Ball, location: 2F
1-2: Foul Ball, location: 2F
1-2: Strikes out swinging
Batting: LHB John Mayer 0-0: Ball
1-0: Ball
2-0: Called Strike
2-1: Foul Ball, location: 2F
2-2: Ball
3-2: Base on Balls
Batting: RHB Tae-wan Park 0-0: Ball
1-0: Called Strike
1-1: Ball
2-1: Ball
3-1: Called Strike
3-2: Base on Balls
John Mayer to second
Batting: RHB Anthony Hollis 0-0: Called Strike
0-1: SINGLE (Groundball, 34D, EV 96.9 MPH)
Virgil Guldenmond scores
John Mayer to third
Tae-wan Park to second
Runner from 3rd tries for Home, SAFE, throw by RF to home
Pinch Runner at 2nd Roderick Bonden:
Batting: RHB Cédric Causse 0-0: Ball
1-0: Foul Ball, location: 2F
1-1: Ball
2-1: Foul Ball, location: 2F
2-2: Ball
3-2: Foul Ball, location: 2F
3-2: Foul Ball, location: 2F
3-2: Strikes out swinging
Bottom of the 6th over - 3 runs, 2 hits, 0 errors, 2 left on base; Monongahela 6 - Milton 5
TOP OF THE 7TH
Monongahela Monsters batting - Pitching for Milton Dogfish Head : RHP Dave Haynes
Now in RF: Roderick Bonden
Batting: RHB Roger Snodgrass 0-0: Ball
1-0: Called Strike
1-1: Called Strike
1-2: Fly out, F7 (Flyball, 7, EV 86.2 MPH)
Batting: LHB Rafael Abasto 0-0: Ball
1-0: Ball
2-0: Called Strike
2-1: Ball
3-1: Base on Balls
Pitching: LHP Poto Boldrini
Batting: LHB Max Sinclair 0-0: Called Strike
0-1: Foul Ball, location: 2F
0-2: Ball
1-2: Ball
2-2: Foul Ball, location: 2F
2-2: Ball
3-2: Fly out, F8 (Flyball, 8RS, EV 94.4 MPH)
Batting: SHB Roger Dorn 0-0: Swinging Strike
0-1: Ball
1-1: Fly out, F9 (Flyball, 9S, EV 88.1 MPH)
Top of the 7th over - 0 runs, 0 hits, 0 errors, 1 left on base; Monongahela 6 - Milton 5
BOTTOM OF THE 7TH
Milton Dogfish Head batting - Pitching for Monongahela Monsters : RHP Wesley Mason
Batting: RHB William Penn 0-0: Foul Ball, location: 2F
0-1: Foul Ball, location: 2F
0-2: Ball
1-2: Ball
2-2: SINGLE (Groundball, 56, EV 90.0 MPH) (infield hit)
Batting: RHB Colton Pennington 0-0: Called Strike
0-1: Fly out, F3 (Popup, 3S, EV 85.6 MPH)
Batting: RHB Virgil Guldenmond 0-0: Ball
1-0: Ball
2-0: Foul Ball, location: 2F
2-1: Ball
3-1: Foul Ball, location: 2F
3-2: Fly out, F7 (Line Drive, 7, EV 88.8 MPH)
Pinch Hitting: LHB King Rutledge 0-0: Ball
1-0: Called Strike
William Penn steals 2nd base
1-1: Ball
2-1: Swinging Strike
2-2: Ball
3-2: Base on Balls
Batting: RHB Rafael Riquelme 0-0: Called Strike
0-1: Ground out 4-3 (Groundball, 4, EV 83.8 MPH)
Bottom of the 7th over - 0 runs, 1 hit, 0 errors, 2 left on base; Monongahela 6 - Milton 5
TOP OF THE 8TH
Monongahela Monsters batting - Pitching for Milton Dogfish Head : LHP Poto Boldrini
Now in LF: King Rutledge
Batting: RHB Li-ren Ku 0-0: Called Strike
0-1: Called Strike
0-2: Ball
1-2: Strikes out swinging
Batting: RHB Román García 0-0: Ground out 5-3 (Groundball, 56, EV 83.8 MPH)
Batting: LHB George Runnalls 0-0: Ball
1-0: Foul Ball, location: 2F
1-1: Called Strike
1-2: Ball
2-2: Ball
3-2: Base on Balls
Batting: LHB Abraham Ruenuitz 0-0: Called Strike
0-1: Ball
1-1: Swinging Strike
1-2: Ball
2-2: Foul Ball, location: 2F
2-2: Ball
3-2: Foul Ball, location: 2F
3-2: Foul Ball, location: 2F
3-2: Strikes out swinging
Top of the 8th over - 0 runs, 0 hits, 0 errors, 1 left on base; Monongahela 6 - Milton 5
BOTTOM OF THE 8TH
Milton Dogfish Head batting - Pitching for Monongahela Monsters : RHP Wesley Mason
Batting: LHB John Mayer 0-0: Foul Ball, location: 2F
0-1: Ball
1-1: Ball
2-1: Swinging Strike
2-2: Fly out, F9 (Flyball, 9D, EV 99.4 MPH)
Batting: LHB Roderick Bonden 0-0: Ball
1-0: Called Strike
1-1: Fly out, F7 (Flyball, 7D, EV 90.6 MPH)
Pitching: RHP Javier Solís
Batting: RHB Anthony Hollis 0-0: Called Strike
0-1: Swinging Strike
0-2: Strikes out looking
Bottom of the 8th over - 0 runs, 0 hits, 0 errors, 0 left on base; Monongahela 6 - Milton 5
TOP OF THE 9TH
Monongahela Monsters batting - Pitching for Milton Dogfish Head : LHP Poto Boldrini
Batting: LHB Naganori Inoue 0-0: Ball
1-0: Foul Ball, location: 2F
1-1: Called Strike
1-2: Ball
2-2: Ball
3-2: Base on Balls
Batting: RHB Roger Snodgrass 0-0: Ball
1-0: SINGLE (Flyball, 7LM, EV 84.4 MPH)
Naganori Inoue to second
Batting: LHB Rafael Abasto 0-0: Ball
1-0: Swinging Strike
1-1: Grounds into double play, 4-6-3 (Groundball, 4, EV 88.1 MPH)
Naganori Inoue to third
Batting: LHB Max Sinclair 0-0: Ball
1-0: Called Strike
1-1: Fly out, F9 (Line Drive, 9, EV 98.1 MPH)
Top of the 9th over - 0 runs, 1 hit, 0 errors, 1 left on base; Monongahela 6 - Milton 5
BOTTOM OF THE 9TH
Milton Dogfish Head batting - Pitching for Monongahela Monsters : RHP Javier Solís
Pitching: RHP Al Verkler
Now at 1B: Richello Oliva
Now in LF: Hélio Capriati
Batting: RHB Cédric Causse 0-0: Called Strike
0-1: Ball
1-1: Ball
2-1: Ball
3-1: Base on Balls
Pitching: RHP Nolan Bullock
Batting: RHB William Penn 0-0: Ball
1-0: Ball
2-0: Called Strike
2-1: Ball
3-1: Ground out 6-3 (Groundball, 56S, EV 69.4 MPH)
Cédric Causse to second
Batting: RHB Colton Pennington 0-0: Called Strike
0-1: Ball
1-1: Ball
2-1: Fly out, F7 (Flyball, 7, EV 93.8 MPH)
Batting: RHB Virgil Guldenmond 0-0: Called Strike
0-1: Fly out, F4 (Popup, 34S, EV 71.2 MPH)
Bottom of the 9th over - 0 runs, 0 hits, 0 errors, 1 left on base; Monongahela 6 - Milton 5
Tuesday, January 5th, 2021 - OOTP Baseball 20.8 Build 74